[Event "Reykjavik Open 2024"]
[Site "Reykjavik"]
[Date "2024.03.16"]
[Round "3.41"]
[White "Suleymenov, Alisher"]
[Black "Dimitrijeski, Boris"]
[Result "1-0"]
[ECO "E14"]
[WhiteElo "2506"]
[BlackElo "2183"]
[Annotator "TA"]
[PlyCount "153"]
[EventDate "2024.03.12"]
[EventCountry "ISL"]
[SourceTitle "playchess.com"]
[Source "ChessBase"]
[SourceQuality "1"]
[TimeControl "40/5400+30:1800+30"]

1. d4 d5 2. c4 c6 3. Nf3 Nf6 4. Nc3 e6 5. e3 Nbd7 6. Be2 Bd6 7. O-O O-O 8. b3 b6 9. Bb2 Bb7 10. Bd3 c5 11. cxd5 Nxd5 12. Nxd5 Bxd5 13. e4 {[%emt 0:09:18] The position is equal.} Bb7 14. d5 exd5 15. exd5 Be7 16. Qc2 h6 17. Rad1 Bf6 $1 (17... Nf6 $6 18. Rfe1 $16) 18. Bc1 Ne5 19. Bh7+ Kh8 20. Be4 Nxf3+ 21. Bxf3 Qd7 22. Be3 Rad8 23. g3 Rfe8 24. Rd2 Kg8 25. h4 Be5 26. Kg2 Qd6 27. Re1 (27. Rc1 $11 {remains equal.}) 27... Qf6 (27... Bd4 $1 $17 28. Qc4 Qd7 (28... Bxd5 29. Qxd5 Qxd5 30. Bxd5 $17)) 28. Red1 Bc3 29. Rd3 Be5 30. Qc4 {[%emt 0:07:52] Prevents Ba6} Bc8 31. R3d2 (31. Bf4 {simplifies} Bxf4 32. Qxf4 Qxf4 33. gxf4 Rd6 34. Re3) 31... Bd6 32. Qe2 Bf5 33. Qc4 (33. Bg4 $11) 33... Be5 (33... Bh3+ 34. Kxh3 Qxf3 35. Qg4 Qxg4+ 36. Kxg4 $11) (33... Rxe3 $1 $17 34. fxe3 Qg6) 34. Bf4 Bd4 {[%emt 0:00:27] ...g5 is the strong threat.} 35. Bc7 ({Better is} 35. h5 $11) 35... Rd7 $15 36. d6 $1 {[%emt 0:01:36] [#]} Bh3+ $1 37. Kxh3 Qxf3 38. Qf1 Re6 39. Qg2 Qf5+ 40. Kh2 Rexd6 $2 (40... g5 $15 {keeps the upper hand.} 41. Qh3 Qe4) 41. Bxd6 $16 {[%emt 0:31:29] White now steadily converts the win.} Rxd6 42. Re2 Rf6 43. Qa8+ Kh7 {[%emt 0:00:00] [#]} 44. Kg2 $1 (44. Qxa7 $2 Bxf2 45. Qa8 Rg6 46. Rxf2 Qxf2+ 47. Qg2 Qe3 $17) 44... g6 45. Rdd2 (45. Qxa7 Qf3+ (45... Bxf2 46. Qb7 $11) 46. Kh3 Qxe2 47. f4 g5 (47... Qxd1 48. Qb7 Qf1+ 49. Qg2 Qd3 50. h5 Rxf4 51. hxg6+ Kxg6 52. Qd5 Rf2 53. Qc6+ Bf6 54. Qg2 Qe2 55. Qxf2 Qxf2 56. a4 Be5 57. Kh4 Qxg3#) 48. hxg5 hxg5 (48... Qxd1 49. Qb7 Qh5+ 50. Kg2 Qe2+ 51. Kh3 hxg5 52. Qe4+ Qxe4 53. fxg5 Rf2 54. a4 Qe6+ 55. g4 Qxb3+ 56. Kh4 Rh2#) (48... Qxd1 49. Qb7 hxg5 50. Qe4+ Kg7 51. fxg5 Rf1 52. Kg2 Re1 53. Qxe1 Qxe1 54. Kh3 Qf2 55. Kh4 Kg6 56. Kh3 Be5 57. Kh4 Qxg3#)) 45... h5 {[%emt 0:00:00] [#]} (45... Kg7 $16 46. Re8 (46. Qxa7 Qd5+ 47. Kg1 g5 $11) 46... Re6) 46. Re8 $1 $18 {[%emt 0:00:00] White threatens Rh8+ and mate. Active counter play!} (46. Qxa7 Bc3 47. Rc2 Qd5+ (47... Qf3+ 48. Kh2 $16) 48. Kh2 Bd4) 46... Rd6 {[%emt 0:00:00] [#]} 47. Rh8+ $3 Bxh8 48. Rxd6 {[%emt 0:00:00][%mdl 4096] Endgame. KQR-KQB} Be5 49. Rd8 Kg7 50. Rg8+ ({Worse is} 50. Qxa7 Qe4+ 51. Kf1 Qh1+ 52. Ke2 Qe4+ 53. Kf1 Qh1+ 54. Ke2 Bc3 $11) 50... Kh7 51. Re8 {[%emt 0:00:00][%cal Oa8d5] Hoping for Qd5!} Bd4 52. Qf3 (52. Qxa7 {is a self mate.} Qxf2+ 53. Kh3 Qf1+ 54. Kh2 Qg1+ 55. Kh3 Qh1#) 52... Qd7 53. Rb8 {[%emt 0:00:00][%cal Be8b8,Bb8b7,Bb7a7][%mdl 32] Rb7 would now be deadly.} Kg7 54. Rb7 Qe6 55. Rxa7 b5 56. Rc7 {[%emt 0:00:16] Threatens to win with a3.} b4 57. Kf1 Qh3+ 58. Kg1 Qe6 59. Kg2 Kg8 60. Rc6 Qd7 61. Qe4 Kg7 62. Rb6 Qd8 63. Ra6 Qd7 64. a4 bxa3 65. Rxa3 Qd6 66. Ra2 Qf6 67. Rd2 Qb6 68. Rd3 Bf6 69. Qd5 Qc7 70. Rf3 Qb6 71. Rf4 Qa7 72. Rc4 Be7 73. Qe5+ Kg8 $2 (73... Bf6 74. Qd5 (74. Qxc5 Qb7+ 75. Qc6 Qxb3 $16) 74... Be7) 74. Re4 {[%emt 0:00:36] White is clearly winning.} Bf8 75. Qd5 {[%emt 0:00:04] Repels Qb7} Kg7 76. Re8 Qc7 77. Rd8 {Weighted Error Value: White=0.11 (very precise) /Black=0.19 (very precise) .  Mistake:       	White=3     	Black=5      Inaccurate:     	White=4     	Black=4      OK:         	White=32    	Black=20     Best:        	White=3     	Black=9      Strong:       	White=2     	Black=1      Brilliant:      	---       	Black=1} 1-0

[Event "Reykjavik Open 2024"]
[Site "Reykjavik"]
[Date "2024.03.16"]
[Round "3.42"]
[White "Gronn, Embla Ekeland"]
[Black "Prado, Alexandra"]
[Result "1-0"]
[ECO "E62"]
[WhiteElo "1684"]
[BlackElo "1877"]
[Annotator "NA RC"]
[PlyCount "87"]
[EventDate "2024.03.12"]
[EventCountry "ISL"]
[SourceTitle "playchess.com"]
[Source "ChessBase"]
[SourceQuality "1"]
[TimeControl "40/5400+30:1800+30"]

1. Nf3 Nf6 2. c4 g6 3. g3 Bg7 4. Bg2 O-O 5. O-O d6 6. Nc3 c6 7. d4 Bf5 8. Qb3 Qc8 9. Bf4 h6 10. Rfe1 g5 11. Bd2 Ne4 12. Nxe4 Bxe4 13. Qe3 d5 14. Rac1 e6 15. Bb4 Re8 16. Ne5 Bxg2 17. Kxg2 Nd7 18. Bd6 dxc4 19. Rxc4 Nb6 20. Rcc1 Qd8 21. Bc5 Qd5+ 22. Kg1 Qxa2 23. b3 Nd5 24. Qf3 f6 25. Nc4 b6 26. Ba3 b5 27. Ra1 Qc2 28. Nd6 Red8 29. e4 Qc3 30. Qxc3 Nxc3 31. Re3 Bf8 32. Rxc3 Bxd6 33. Rxc6 b4 34. Bb2 Kf7 35. Raa6 Be7 36. Rxe6 Rac8 37. d5 f5 38. Rxa7 Re8 39. Bf6 fxe4 40. Raxe7+ Rxe7 41. Bxe7 Rc1+ 42. Kg2 Rb1 43. Rxe4 Rxb3 44. Bxb4 1-0

[Event "Reykjavik Open 2024"]
[Site "Reykjavik"]
[Date "2024.03.16"]
[Round "3.43"]
[White "Mueller, Magnus"]
[Black "Lohia, Sohum"]
[Result "1/2-1/2"]
[ECO "E49"]
[WhiteElo "2144"]
[BlackElo "2354"]
[Annotator "TA"]
[PlyCount "76"]
[EventDate "2024.03.12"]
[EventCountry "ISL"]
[SourceTitle "playchess.com"]
[Source "ChessBase"]
[SourceQuality "1"]
[TimeControl "40/5400+30:1800+30"]

1. d4 Nf6 2. c4 e6 3. Nc3 Bb4 4. a3 Bxc3+ 5. bxc3 c5 6. f3 d5 7. cxd5 exd5 8. e3 O-O 9. Bd3 b6 10. Ne2 Ba6 11. O-O Bxd3 12. Qxd3 Re8 13. Ng3 Nc6 14. Bb2 h5 15. e4 {[%emt 0:22:52][%cal Be3e4,Be4e5][%mdl 32] next e5 is good for White.} h4 16. Nf5 {[%emt 0:00:17] Threatens to win with e5.} c4 (16... cxd4 $11 {keeps the balance.} 17. cxd4 dxe4 18. fxe4 Rxe4) 17. Qd2 $16 ({Much weaker is} 17. Qe2 $6 dxe4 18. fxe4 Rxe4 $11) 17... g6 (17... Ne7 $16 {keeps fighting.}) 18. e5 $1 $18 (18. Nxh4 dxe4 19. Rae1 Rc8) ({Don't take} 18. Nh6+ Kg7) 18... Nh5 {[%emt 0:01:49] [#]} 19. Nd6 (19. Qh6 $1 $18) 19... Re6 $16 20. f4 {[%emt 0:06:10] f5 would now be deadly. White is more active.} f5 21. Qf2 (21. Rf3 $16) 21... Ng7 (21... Rxd6 $14 22. exd6 Kg7) 22. a4 $18 Ne8 23. Nxe8 Rxe8 {[%emt 0:00:10] [#]} 24. g4 hxg3 $16 25. Qxg3 Kf7 (25... Kg7 $142) 26. Ba3 Rg8 27. Kh1 ({White should play} 27. Rae1 $16 {e6+ is the strong threat.} Ke6 28. Bd6) 27... Ke6 (27... Qc8 $14) 28. Rab1 ({White should try} 28. Rg1 $16) 28... g5 $11 {[%emt 0:01:41] The position is equal.} 29. fxg5 Qxg5 30. Qf3 {[%emt 0:00:07] Threatening Rb5.} Rh8 $1 {[%emt 0:00:57][%cal Oh8h2] ( -> ...Rxh2+!)} 31. Rf2 {[%emt 0:01:41] And now Rg1 would win.} Rag8 $1 32. Rbf1 Rh5 33. Rg2 {[%emt 0:06:23] Dancing on a razor blade.} (33. Bc1 {keeps more tension.} Qg4 34. Rg2 Qxg2+ 35. Qxg2 Rxg2 36. Kxg2 a6 37. Ba3) 33... Qxg2+ 34. Qxg2 Rxg2 35. Kxg2 Rg5+ 36. Kh3 Rh5+ 37. Kg2 Rg5+ 38. Kh3 Rh5+ {[%emt 0:01:08] Black defended with fortune.   Weighted Error Value: White=0.21 (precise) /Black=0.26 (precise) .  Mistake:       	White=5     	Black=5      OK:         	White=7     	Black=4      Best:        	White=1     	Black=3      Strong:       	White=1     	Black=2} 1/2-1/2

[Event "Reykjavik Open 2024"]
[Site "Reykjavik"]
[Date "2024.03.16"]
[Round "3.44"]
[White "Roberts, Tallulah"]
[Black "Manenschijn, Wouter"]
[Result "0-1"]
[ECO "C88"]
[WhiteElo "1671"]
[BlackElo "1864"]
[Annotator "NA RC"]
[PlyCount "88"]
[EventDate "2024.03.12"]
[EventCountry "ISL"]
[SourceTitle "playchess.com"]
[Source "ChessBase"]
[SourceQuality "1"]
[TimeControl "40/5400+30:1800+30"]

1. e4 e5 2. Nf3 Nc6 3. Bb5 a6 4. Ba4 Nf6 5. d3 b5 6. Bb3 Be7 7. c3 O-O 8. O-O d6 9. Re1 Na5 10. Bc2 c5 11. a4 Bb7 12. Nbd2 Qc7 13. Nf1 Rfe8 14. Ng3 Bf8 15. Bg5 Nd7 16. Nf5 d5 17. axb5 axb5 18. Ne3 d4 19. cxd4 cxd4 20. Nf5 Qb6 21. Rc1 b4 22. Ba4 Bc6 23. Bxc6 Nxc6 24. Nd2 Na5 25. Rf1 Rac8 26. Qg4 Nc5 27. Qg3 Qg6 28. Nh4 Qa6 29. Ra1 Ra8 30. Rfd1 Qxd3 31. Qxd3 Nxd3 32. Nhf3 f6 33. Bh4 Nxb2 34. Rdb1 Nbc4 35. Nxc4 Nxc4 36. Ne1 Nd2 37. Rxa8 Rxa8 38. Rd1 Nxe4 39. f3 Nc3 40. Rd2 Ra2 41. Rxa2 Nxa2 42. Nd3 b3 43. Nb2 Ba3 44. Nc4 Bc1 0-1

[Event "Reykjavik Open 2024"]
[Site "Reykjavik"]
[Date "2024.03.16"]
[Round "3.45"]
[White "Anishka Vikram"]
[Black "Kazarian, Anna-Maja"]
[Result "1/2-1/2"]
[ECO "D14"]
[WhiteElo "1995"]
[BlackElo "2206"]
[Annotator "RC"]
[PlyCount "94"]
[EventDate "2024.03.12"]
[EventCountry "ISL"]
[SourceTitle "playchess.com"]
[Source "ChessBase"]
[SourceQuality "1"]
[TimeControl "40/5400+30:1800+30"]

1. d4 d5 2. c4 c6 3. cxd5 cxd5 4. Nc3 Nf6 5. Bf4 Nc6 6. e3 Bg4 7. Qb3 Na5 8. Qa4+ Bd7 9. Qc2 Rc8 10. Bd3 e6 11. Nf3 b5 12. a3 Nc4 13. O-O Be7 14. Qe2 O-O 15. b3 Nxa3 16. Nxb5 Bxb5 17. Bxb5 Qb6 18. Ba4 Rc2 19. Qd1 Rfc8 20. Bg5 Qb4 21. Ne5 R2c3 22. Bxf6 Bxf6 23. Nd3 Qe7 24. b4 Nc4 25. Nc5 e5 26. dxe5 Bxe5 27. Qxd5 Nb6 28. Qf3 Rc4 29. Rab1 R4xc5 30. bxc5 Nxa4 31. Qg4 Qe8 32. Rb7 a6 33. Qh4 Bf6 34. Qc4 Nxc5 35. Rc1 g6 36. Rb6 Kg7 37. Rxa6 Nxa6 38. Qxc8 Qb5 39. g3 h5 40. Rc6 Nb4 41. Rc7 Nd3 42. Qb7 Qe8 43. Qd5 Ne5 44. f4 Ng4 45. e4 Ne3 46. Qd7 Qxd7 47. Rxd7 Kf8 1/2-1/2

[Event "Reykjavik Open 2024"]
[Site "Reykjavik"]
[Date "2024.03.17"]
[Round "4.1"]
[White "Sanal, Vahap"]
[Black "Nevednichy, Vladislav"]
[Result "1/2-1/2"]
[ECO "B45"]
[WhiteElo "2558"]
[BlackElo "2445"]
[Annotator "TA"]
[PlyCount "86"]
[EventDate "2024.03.12"]
[EventCountry "ISL"]
[SourceTitle "playchess.com"]
[Source "ChessBase"]
[SourceQuality "1"]
[TimeControl "40/5400+30:1800+30"]

1. e4 c5 2. Nf3 e6 3. d4 cxd4 4. Nxd4 Nf6 5. Nc3 Nc6 6. Qd3 d5 7. exd5 Nb4 8. Qg3 {[%emt 0:00:18] [#] Bb5+ is the strong threat.} Bc5 9. a3 {[%emt 0:01:05] aiming for Bb5+.} ({But not} 9. Qxg7 Rg8 10. Bb5+ Ke7 11. d6+ Bxd6 $17 (11... Qxd6 12. Qxf6+ Kxf6 13. Ne4+ Ke7 14. Nxd6 $15)) 9... Nbxd5 10. Nxd5 (10. Qxg7 $2 {perishes.} Rg8 11. Bb5+ Ke7 $19) 10... Qxd5 11. Nb5 {[%emt 0:00:19] Threatens to win with Nc7+.} (11. Qxg7 $2 {too greedy.} Qe5+ 12. Be2 Rg8 $19) 11... O-O 12. Nc3 {[%emt 0:00:54] Wards off Ne4} Qd6 13. Bd3 Qxg3 14. hxg3 h6 {[%emt 0:42:32] Wards off Bg5} 15. f3 Nd5 16. Nxd5 exd5 17. g4 Re8+ 18. Kf1 Bd4 19. Rh5 Be6 20. g3 f6 21. Rb1 Bf7 22. Rh2 Be3 23. Re2 Bb6 {[%emt 0:02:41] The position is equal.} 24. Bd2 Rxe2 25. Kxe2 Re8+ 26. Kf1 g5 27. Re1 Rxe1+ 28. Kxe1 $11 {[%emt 0:01:35][%mdl 4096] Endgame. KBB-KBB} Bd4 29. c3 Be5 30. Kf2 Kf8 31. Be3 b6 32. f4 Bb8 33. Be2 Ke7 34. Bf3 Be6 35. Ke2 Bd6 36. b4 Bd7 37. Kd3 Bc7 38. Kd4 Kd6 39. Kd3 Bb5+ 40. Kd2 Ke6 41. f5+ Kd6 42. Bd4 Bd8 43. Bd1 Bc4 {[%emt 0:01:23] Weighted Error Value: White=0.03 (flawless) /Black=0.02 (flawless) .  Inaccurate:     	White=1     	Black=2      OK:         	White=17    	Black=23     Best:        	White=1     	Black=2} 1/2-1/2

[Event "Reykjavik Open 2024"]
[Site "Reykjavik"]
[Date "2024.03.17"]
[Round "4.2"]
[White "Injac, Teodora"]
[Black "Steingrimsson, Hedinn"]
[Result "0-1"]
[ECO "A08"]
[WhiteElo "2434"]
[BlackElo "2477"]
[Annotator "RC"]
[PlyCount "66"]
[EventDate "2024.03.12"]
[EventCountry "ISL"]
[SourceTitle "playchess.com"]
[Source "ChessBase"]
[SourceQuality "1"]
[TimeControl "40/5400+30:1800+30"]

1. Nf3 d5 2. g3 c5 3. Bg2 g6 4. c4 d4 5. b4 Bg7 6. d3 cxb4 7. a3 bxa3 8. O-O Nc6 9. Bxa3 Nf6 10. Nbd2 O-O 11. Nb3 Re8 12. Nfd2 Qc7 13. Rb1 Nd7 14. Bb2 Ndb8 15. Nf3 Rd8 16. Qc1 Bf5 17. Re1 a5 18. Nc5 b6 19. Na4 Na6 20. Nh4 Be6 21. Ba3 Rab8 22. Rb5 Na7 23. Rb1 Bd7 24. Qd1 Nc6 25. Nf3 Ncb4 26. e3 Bxa4 27. Qxa4 Nxd3 28. Re2 Ndc5 29. Qb5 d3 30. Rd2 Nb4 31. Ng5 Qe5 32. Ne4 Nxe4 33. Qxe5 Nxd2 0-1

[Event "Reykjavik Open 2024"]
[Site "Reykjavik"]
[Date "2024.03.17"]
[Round "4.3"]
[White "Seemann, Jakub"]
[Black "Lu, Maximillian"]
[Result "1-0"]
[ECO "A28"]
[WhiteElo "2451"]
[BlackElo "2375"]
[Annotator "TA"]
[PlyCount "63"]
[EventDate "2024.03.12"]
[EventCountry "ISL"]
[SourceTitle "playchess.com"]
[Source "ChessBase"]
[SourceQuality "1"]
[TimeControl "40/5400+30:1800+30"]

1. c4 Nf6 2. Nc3 e5 3. Nf3 Nc6 4. d3 d5 5. cxd5 Nxd5 6. e4 Nb6 7. Be2 Bg4 8. Be3 Bxf3 {[%emt 0:04:53] The position is equal.} 9. Bxf3 Be7 10. O-O O-O 11. Rc1 Nd4 12. Bg4 c5 13. a4 Rb8 14. Nb5 Nc6 15. Qb3 a6 16. Na3 Na5 17. Qc2 Na8 (17... Nc6 $11) 18. Nc4 (18. Bxc5 Bxc5 19. Qxc5 Nb3 $17) 18... Nc6 19. a5 Re8 (19... b5 $1 $11 {remains equal.} 20. axb6 Nxb6) 20. f4 $16 {[%emt 0:08:02] White is more active.} exf4 21. Bxf4 Bg5 (21... b5 $16) 22. Bxb8 $18 {[%emt 0:02:30] This pair of bishops is nice.} Bxc1 $2 {[%emt 0:00:54] [#]} (22... Qd4+ 23. Qf2 Rxb8 24. Qxd4 Nxd4) 23. Bg3 Bg5 24. Qb3 Re7 25. Nd6 Nxa5 $2 {[%emt 0:00:49] Black is weak on the light squares} (25... Bf6 26. Bh5 (26. Nxb7 Qd4+ 27. Bf2 c4 $18) 26... Nc7 27. Bxf7+ (27. Nxf7 Qd4+ 28. Bf2 c4 $18) 27... Kh8 28. Qxb7 (28. Nxb7 Qd7 $18) 28... Ne5 29. Bxe5 (29. Qc8 Qxc8 30. Nxc8 Rxf7 $18) 29... Rxe5) 26. Qd5 {[%emt 0:00:11][%cal Rf1f7] [#] White wants to mate with Rxf7! White is clearly winning.} Be3+ 27. Kh1 Nc7 28. Qa2 {[%emt 0:00:10][%cal Rd6f7] Strongly threatening Nxf7!} c4 29. Qxa5 cxd3 30. Qc3 Nb5 31. Qxd3 Bc5 32. e5 {[%emt 0:00:08] Weighted Error Value: White=0.11 (very precise) /Black=0.55.  Mistake:       	---       	Black=5      Inaccurate:     	White=2     	Black=3      OK:         	White=6     	Black=8      Best:        	White=2     	---} 1-0

[Event "Reykjavik Open 2024"]
[Site "Reykjavik"]
[Date "2024.03.17"]
[Round "4.4"]
[White "Deac, Bogdan-Daniel"]
[Black "Mammadzada, Gunay"]
[Result "1/2-1/2"]
[ECO "D45"]
[WhiteElo "2690"]
[BlackElo "2449"]
[Annotator "RC"]
[PlyCount "132"]
[EventDate "2024.03.12"]
[EventCountry "ISL"]
[SourceTitle "playchess.com"]
[Source "ChessBase"]
[SourceQuality "1"]
[TimeControl "40/5400+30:1800+30"]

1. c4 c6 2. Nf3 d5 3. e3 Nf6 4. Nc3 e6 5. Qc2 Bd6 6. d4 Nbd7 7. Be2 O-O 8. b3 e5 9. cxd5 Nxd5 10. Nxd5 cxd5 11. dxe5 Nxe5 12. Bb2 Nxf3+ 13. Bxf3 Bb4+ 14. Kf1 Qh4 15. Rd1 Be6 16. Rd4 Qe7 17. g3 Rac8 18. Qb1 Bc3 19. Bxc3 Rxc3 20. Kg2 Rfc8 21. Bxd5 g6 22. Bxe6 Qxe6 23. Rhd1 Rc2 24. Rd8+ Kg7 25. Rxc8 Qxc8 26. Qa1+ f6 27. Rd5 Qg4 28. Qd4 Qxd4 29. Rxd4 Rxa2 30. Rd7+ Kh6 31. Rxb7 a5 32. g4 g5 33. Kg3 a4 34. bxa4 Rxa4 35. h4 gxh4+ 36. Kxh4 Re4 37. Rb3 Kg6 38. f4 Re7 39. Ra3 Re8 40. Ra7 Rxe3 41. f5+ Kh6 42. Rf7 Re1 43. Rxf6+ Kg7 44. Ra6 h6 45. Ra7+ Kf6 46. Rh7 Rh1+ 47. Kg3 Rg1+ 48. Kf3 Rh1 49. Rh8 Kg7 50. Ra8 Rf1+ 51. Kg2 Rf4 52. Kg3 Rf1 53. Ra7+ Kf6 54. Rh7 Rg1+ 55. Kf3 Rh1 56. Rb7 Rf1+ 57. Kg2 Rf4 58. Kg3 Rf1 59. Rb6+ Kg7 60. Rb7+ Kf6 61. Rh7 Rg1+ 62. Kh3 Rh1+ 63. Kg2 Rh4 64. Kf3 Rh1 65. Kf2 Rh4 66. Kf3 Rh1 1/2-1/2

[Event "Reykjavik Open 2024"]
[Site "Reykjavik"]
[Date "2024.03.17"]
[Round "4.5"]
[White "Cramling Bellon, Anna"]
[Black "Gilsson, Asmund"]
[Result "1-0"]
[ECO "D47"]
[WhiteElo "2115"]
[BlackElo "1821"]
[Annotator "RC"]
[PlyCount "37"]
[EventDate "2024.03.12"]
[EventCountry "ISL"]
[SourceTitle "playchess.com"]
[Source "ChessBase"]
[SourceQuality "1"]
[TimeControl "40/5400+30:1800+30"]

1. d4 d5 2. c4 c6 3. Nc3 Nf6 4. Nf3 e6 5. e3 Nbd7 6. Bd3 dxc4 7. Bxc4 b5 8. Bd3 Bb7 9. a3 Bd6 10. O-O a6 11. b4 a5 12. Bd2 axb4 13. axb4 O-O 14. Qb3 Qe7 15. e4 e5 16. Ne2 exd4 17. Rxa8 Rxa8 18. Nexd4 Nxe4 19. Nf5 1-0

[Event "Reykjavik Open 2024"]
[Site "Reykjavik"]
[Date "2024.03.17"]
[Round "4.6"]
[White "Belenkaya, Dina"]
[Black "Halldorsson, Kristjan"]
[Result "1-0"]
[ECO "D11"]
[WhiteElo "2164"]
[BlackElo "1887"]
[Annotator "RC"]
[PlyCount "81"]
[EventDate "2024.03.12"]
[EventCountry "ISL"]
[SourceTitle "playchess.com"]
[Source "ChessBase"]
[SourceQuality "1"]
[TimeControl "40/5400+30:1800+30"]

1. d4 d5 2. c4 c6 3. Nf3 Nf6 4. Qb3 e6 5. Bf4 Bd6 6. Bxd6 Qxd6 7. e3 O-O 8. Nc3 Nbd7 9. Rd1 b6 10. Be2 Bb7 11. O-O Rac8 12. cxd5 exd5 13. Bd3 Rfe8 14. Qa4 Ra8 15. b4 b5 16. Qa5 a6 17. Ne2 Ne4 18. Rc1 h6 19. Rc2 Qb8 20. Bxe4 Rxe4 21. Nf4 Re8 22. Nd3 f6 23. Rfc1 Qd8 24. Nc5 Qxa5 25. bxa5 Bc8 26. Nd3 Nb8 27. Nb4 Bd7 28. Nd2 Kf7 29. Nb3 Ke7 30. Nc5 Rd8 31. Nxd7 Kxd7 32. Kf1 Kd6 33. Nxc6 Rc8 34. Nb4 Rxc2 35. Rxc2 Ra7 36. Rc5 Rc7 37. Rxc7 Kxc7 38. Nxd5+ Kd6 39. Nb4 g6 40. e4 h5 41. f4 1-0

[Event "Reykjavik Open 2024"]
[Site "Reykjavik"]
[Date "2024.03.17"]
[Round "4.7"]
[White "Chasin, Nico"]
[Black "Ivanchuk, Vasyl"]
[Result "1/2-1/2"]
[ECO "D14"]
[WhiteElo "2447"]
[BlackElo "2625"]
[Annotator "TA"]
[PlyCount "47"]
[EventDate "2024.03.12"]
[EventCountry "ISL"]
[SourceTitle "playchess.com"]
[Source "ChessBase"]
[SourceQuality "1"]
[TimeControl "40/5400+30:1800+30"]

1. Nf3 d5 2. d4 Nf6 3. c4 c6 4. cxd5 cxd5 5. Nc3 Nc6 6. Bf4 Bf5 7. e3 e6 8. Qb3 Bb4 9. Bb5 Qe7 10. Ne5 Rc8 11. Nxc6 bxc6 {[%emt 0:00:07] White is slightly better.} 12. Ba6 Rd8 13. a3 Bd6 14. Qa4 O-O {[%emt 0:14:33] Threatens to win with ...Bxf4.} 15. Qxc6 Bxf4 16. exf4 Ne4 {[%emt 0:09:16] Repels Qc5} (16... Rd6 $15 17. Qc5 Qd8) 17. Nxe4 $11 dxe4 18. O-O Rxd4 19. Rfd1 Rfd8 20. Rxd4 Rxd4 21. Qc3 Qd8 22. Be2 h5 23. Bxh5 Rd3 24. Qc5 {[%emt 0:00:53] Weighted Error Value: White=0.10 (very precise) /Black=0.12 (very precise) .  Mistake:       	---       	Black=1      Inaccurate:     	White=2     	Black=2      OK:         	White=8     	Black=7} 1/2-1/2

[Event "Reykjavik Open 2024"]
[Site "Reykjavik"]
[Date "2024.03.17"]
[Round "4.8"]
[White "Xu, Xiangyu"]
[Black "Jin, Yueheng"]
[Result "1/2-1/2"]
[ECO "D37"]
[WhiteElo "2623"]
[BlackElo "2404"]
[Annotator "TA"]
[PlyCount "116"]
[EventDate "2024.03.12"]
[EventCountry "ISL"]
[SourceTitle "playchess.com"]
[Source "ChessBase"]
[SourceQuality "1"]
[TimeControl "40/5400+30:1800+30"]

1. d4 d5 2. c4 e6 3. Nc3 Nf6 4. Nf3 Be7 5. Bf4 O-O 6. e3 c5 7. dxc5 Bxc5 8. a3 Nc6 9. Qc2 Qa5 10. Rd1 Be7 11. Be2 Ne4 12. cxd5 Nxc3 13. Qxc3 {[%emt 0:00:10] Weiß hat minimalen Vorteil.} (13. bxc3 {hält die Spannung aufrecht.} exd5 14. O-O Rd8 15. Nd4) 13... Qxc3+ 14. bxc3 exd5 15. Rxd5 Bxa3 16. Kd2 b6 17. Ra1 Bc5 ({Besser ist} 17... Be6 $11 18. Rb5 Bc5) 18. Nd4 $14 {[%emt 0:00:36] Weiß steht deutlich aktiver. Die schwarzen Türme stehen passiv.} Ne7 {[%emt 0:00:31] [#]} 19. Rxc5 bxc5 20. Bf3 cxd4 21. Bxa8 {[%emt 0:00:10] Ein starkes Läuferpaar.} dxc3+ 22. Kc1 Be6 23. Rxa7 Nd5 24. Be5 Rd8 25. Bd4 Nf4 26. Kc2 Ne2 {[%emt 0:00:08] Droht ...Bf5+ und aus.} 27. Bxc3 {[%emt 0:02:53] Zielt auf Ba5 ab.} Rc8 {[%emt 0:02:02] [#]} 28. Bb7 $1 Rxc3+ 29. Kd2 {[%emt 0:00:07] Und Ra8+ würde nun gewinnen.} g6 30. Kxe2 {[%emt 0:00:52][%mdl 4096] Endspiel. KRB-KRB} Rc2+ 31. Ke1 $1 Kg7 32. Be4 Rb2 33. Bd3 h5 34. Rc7 Ra2 35. Rc1 Kf6 (35... h4 $14) 36. Bc2 (36. h4 $16) 36... Ke5 37. Kf1 Rb2 38. h3 Kf6 39. Kg1 Bd5 40. Kh2 ({Günstiger ist} 40. h4 $16) 40... Bb3 (40... Be6 $11) 41. Bxb3 $16 Rxb3 {[%emt 0:30:02] KR-KR} 42. Rc4 Rb2 43. Kg3 Ke6 44. f4 Rb5 45. Kh4 Rb2 46. g3 Rb3 47. e4 Kf6 48. Rc7 Re3 49. e5+ Kg7 50. Ra7 Re1 51. Re7 Kf8 52. Rd7 Kg7 53. Kg5 Re3 54. g4 hxg4 55. hxg4 Re1 56. Re7 Re2 57. Re8 Re4 58. f5 (58. Rc8 $16) 58... Rxe5 {[%emt 0:00:00] Gewichteter Fehlerwert: Weiß=0.12 (sehr präzise) /Schwarz=0.11 (sehr präzise) .  Fehler:       	Weiß=3     	Schwarz=3     Ungenau:       	Weiß=5     	Schwarz=5     OK:         	Weiß=16    	Schwarz=15    Bester:       	Weiß=4     	Schwarz=1     Stark:        	Weiß=2     	---        Brilliant:      	Weiß=1     	---} 1/2-1/2